 Dungeon Crawl Stone Soup version 0.28-a0-863-g8cecda6153 (webtiles) character file.

Game seed: 9674014030632653203

151 gigimoi the Chucker (level 5, -5/52 HPs)
             Began as an Ogre Arcane Marksman on Nov 18, 2021.
             Was an Initiate of Ashenzari.
             Slain by an orc (7 damage)
             ... on level 3 of the Dungeon.
             The game lasted 00:12:33 (4699 turns).

gigimoi the Chucker (Ogre Arcane Marksman)          Turns: 4699, Time: 00:12:34

Health: -5/52      AC:  4    Str: 14    XL:     5   Next: 33%
Magic:  8/8        EV: 10    Int: 20    God:    Ashenzari [......]
Gold:   77         SH:  5    Dex: 10    Spells: 6/9 levels left

rFire   . . .      SeeInvis .   n - +3 dagger
rCold   . . .      Faith    .   (no shield)
rNeg    . . .      Spirit   .   a - +0 robe
rPois   .          Reflect  +   (helmet restricted)
rElec   .          Harm     .   f - +0 cloak
rCorr   .          Rampage  .   (gloves unavailable)
Will    .....                   (boots unavailable)
Stlth   +.........              d - amulet of reflection
HPRegen 0.17/turn               q - +6 ring of intelligence
MPRegen 0.11/turn               (no ring)

@: hasted, very quick
A: large, unfitting armour, tough skin 1
a: Renounce Religion, Curse Item


You were on level 3 of the Dungeon.
You worshipped Ashenzari.
Ashenzari was noncommittal.
You visited 1 branch of the dungeon, and saw 4 of its levels.

You collected 77 gold pieces.

Inventory:

Hand Weapons
 c - a +0 dagger
 n - a +3 dagger (weapon)
Missiles
 b - 2 large rocks
 m - 21 stones (quivered)
 p - 75 bolts
Armour
 a - a +0 robe (worn)
 f - a +0 cloak (worn)
Magical Staves
 o - a staff of poison
Jewellery
 d - an amulet of reflection (around neck)
 q - a +6 ring of intelligence (left hand)
Scrolls
 e - a scroll of enchant armour {unknown}
 g - 3 scrolls of fog {unknown}
 i - 4 scrolls of identify {unknown}
 j - 2 scrolls of magic mapping {unknown}
 k - a scroll of enchant weapon {unknown}
Potions
 l - a potion of curing {unknown}


   Skills:
 + Level 2.8 Fighting
 * Level 3.2 Throwing
 + Level 2.7 Dodging
 + Level 2.6 Spellcasting
 + Level 3.1 Hexes
 + Level 0.2 Ice Magic


You had 6 spell levels left.
You knew the following spells:

 Your Spells              Type           Power      Damage    Failure   Level
a - Slow                  Hex            60%        N/A       4%          1
b - Ensorcelled Hibernat  Hex/Ice        18%        N/A       11%         2

Your spell library contained the following spells:

 Spells                   Type           Power      Damage    Failure   Level
 Inner Flame              Hex/Fire       8%         N/A       24%         3
 Portal Projectile        Hex/Tloc       16%        N/A       24%         3
 Cause Fear               Hex            7%         N/A       38%         4
 Spider Form              Tmut/Pois      2%         N/A       41%         3


Dungeon Overview and Level Annotations

Branches:
Dungeon (4/15)
 Temple: D:4-7

Altars:
Ashenzari
Kikubaaqudgha

Annotations:
D:3 Terence


Innate Abilities, Weirdness & Mutations

You are too large for most types of armour.
You have tough skin. (AC +1)


Message History

Press: ? - help, Shift-Dir - straight line, f - Terence
Aim: Terence, wielding a +0 hand axe and wearing a +0 scale mail (chance to affect: 61%) Terence resists with significant effort.
Terence barely misses you. Terence screams, "I want your blood!"
There is a stone staircase leading down here.
Terence hits you but does no damage.
There is a stone staircase leading down here.
You block Terence's attack.
You climb downwards.
The orc shouts!
The orc wizard shouts!
Found 7 sling bullets.
There is a stone staircase leading up here.
You block the orc's attack.
You climb upwards.
Level annotation: Terence Terence hits you with a +0 hand axe.
* * * LOW HITPOINT WARNING * * *
There is a stone staircase leading down here.
You hit the orc.
The orc is heavily wounded.
Terence hits you with a +0 hand axe.
* * * LOW HITPOINT WARNING * * *
You block the orc's attack. The orc hits you with a +0 short sword.
* * * LOW HITPOINT WARNING * * *
You hit the orc.
You kill the orc!
Terence hits you with a +0 hand axe.
* * * LOW HITPOINT WARNING * * *
You block the orc's attack.
Throw: 21 stones
Press: ? - help, Q - select action, (/) - cycle Shift-Dir - straight line, f - orc
Aim: an orc, wielding a +0 flail (57% to hit)
Okay, then.
Okay, then.
There's nothing to close nearby.
Okay, then.
It was a potion of haste.
You feel yourself speed up. Terence barely misses you.
The orc hits you with a +0 flail!
You die...

#.####. #######.##...
######..........#.
#......#####.####. #.######
#...... #.# ####### #.# #)#
#@#### . ######### #@oo.# .. ##
........## ####.# ... ##.
##....P..# ###.# #.... #..
.#...P...## ##.#.# #.....##..
....PP....# #..>.# #........
....#P....# ##.### #..####..
._..##P...#######.#######....##.#
....#P...............#.......##.#


You could see Terence and 2 orcs.

Vanquished Creatures
  A hound (D:3)
  3 gnolls (D:2)
  3 adders (D:2)
  A worm (D:2)
  A dart slug (D:1)
  4 orcs (D:3)
  6 endoplasms
  A giant cockroach (D:2)
  3 goblins
  4 hobgoblins
  6 jackals
  3 quokkas
  3 ball pythons
  5 bats
  A frilled lizard (D:2)
  3 kobolds
  9 rats
57 creatures vanquished.

Notes
Turn   | Place    | Note
-------+----------+-------------------------------------------
     0 | D:1      | gigimoi the Ogre Arcane Marksman began the quest for the
                  | Orb.
     0 | D:1      | Reached XP level 1. HP: 19/19 MP: 2/2
   562 | D:1      | Reached XP level 2. HP: 17/27 MP: 2/4
  1834 | D:2      | Reached XP level 3. HP: 35/35 MP: 5/5
  2329 | D:2      | Reached XP level 4. HP: 36/42 MP: 2/7
  2620 | D:2      | Found a broken altar of Ashenzari.
  2761 | D:2      | Became a worshipper of Ashenzari the Shackled
  2878 | D:2      | Learned a level 2 spell: Ensorcelled Hibernation
  3926 | D:3      | Reached XP level 5. HP: 42/50 MP: 5/8
  4459 | D:3      | Found an ancient bone altar of Kikubaaqudgha.
  4628 | D:3      | Noticed Terence
  4698 | D:3      | HP: 2/52 [Terence (3)]
  4699 | D:3      | Slain by an orc

Illustrated notes

Levels and vault maps discovered:
D:1:      dpeg_arrival_ratfight, layout_loops_ring,
          shapermc_ecumenical_altar_petra, chequers_avenue, roderic_lattice_a,
          kennysheep_pointless_box
D:2:      layout_basic, serial_rivers, chequers_serial_rivers_micro_c,
          chequers_serial_rivers_micro_a, chequers_serial_rivers_large_a,
          chequers_serial_rivers_room_b, basic_altar
D:3:      layout_loops_cross, kiku_gazebo_garden_becter, tgw_trog,
          minmay_misc_feat_enclosed, hangedman_decor_slide_cut,
          minmay_goblin_kobold_house, uniq_terence
D:4:      layout_loops_cross

Skill      XL: |  1  2  3  4 |
---------------+-------------+-----
Dodging        | 2 |  2.7
Fighting       | 2 |  2.8
Spellcasting   | 2 |  2.6
Hexes          | 3 |  3.1
Throwing       | 3 |  3.2
Ice Magic      | |  0.2

Action                   |  1- 3 |  4- 6 || total
-------------------------+-------+-------++-------
Melee: Unarmed           |     5 |       ||     5
       Dagger            |    55 |    51 ||   106
Throw: Large rock        |    26 |    50 ||    76
       Throwing net      |     2 |       ||     2
       Stone             |       |    35 ||    35
 Cast: Slow              |    22 |    17 ||    39
  Use: Potion            |       |     1 ||     1
 Stab: Held in net/web   |     1 |       ||     1
Armor: Robe              |    14 |    33 ||    47
Dodge: Dodged            |    23 |    53 ||    76
Block: Other             |    11 |    24 ||    35

Table legend: (Time is in decaauts)
 A = Elapsed time spent in this place.
 B = Non-inter-level travel time spent in this place.
 C = Inter-level travel time spent in this place.
 D = Time resting spent in this place.
 E = Time spent auto-exploring this place.
 F = Levels seen in this place.
 G = Mean time per level.
                   A        B        C        D        E       F      G
               +--------+--------+--------+--------+--------+-----+--------+
         Total |   4773 |   4648 |    125 |   2220 |   1718 |   4 | 1193.2 |
       Dungeon |   4773 |   4648 |    125 |   2220 |   1718 |   4 | 1193.2 |
               +--------+--------+--------+--------+--------+-----+--------+

Top non-repeatable levels by time:
     D:2: 1940 daAuts
     D:1: 1825 daAuts
     D:3: 1005 daAuts
     D:4: 1 daAuts
